 Dungeon Crawl Stone Soup version 0.32-a0-20-ge526923d97 (webtiles) character file.

Game seed: 7741423001213714385

41 jasper the Covered (level 3, 30/30 HPs)
             Began as an Armataur Fighter on Jan 17, 2024.
             Was a Plaything of Xom.
             Quit the game on level 1 of the Dungeon.
             The game lasted 00:02:34 (743 turns).

jasper the Covered (Armataur Fighter)                Turns: 743, Time: 00:02:34

Health: 30/30      AC:  6    Str: 23    XL:     3   Next: 32%
Magic:  3/3        EV:  7    Int:  8    God:    Xom [..*...]
Gold:   46         SH:  4    Dex:  9    Spells: 2/2 levels left

rFire   . . .        a - +0 flail
rCold   . . .        c - +0 buckler
rNeg    . . .        b - +0 scale mail
rPois   .            (no helmet)
rElec   .            (no cloak)
rCorr   .            (no gloves)
SInv    .            (no barding)
Will    .....        (no amulet) Stlth
                     (no ring)
HPRegen 0.25/turn    (no ring)
MPRegen 0.08/turn

%: roll
@: no status effects
A: large, deformed body, tough skin 3, armoured tail, roll 1
a: Renounce Religion


You were on level 1 of the Dungeon.
You worshipped Xom.
You were a toy of Xom.
You visited 1 branch of the dungeon, and saw 1 of its levels.

You collected 46 gold pieces.

Inventory:

Hand Weapons
 a - a +0 flail (weapon)
Missiles
 f - 10 stones (quivered)
Armour
 b - a +0 scale mail (worn)
 c - a +0 buckler (worn)
Potions
 d - 2 potions of might
 e - a potion of curing {unknown}


   Skills:
 - Level 2.6 Fighting
 + Level 3.4 Maces & Flails
 - Level 3.6 Armour
 - Level 3.2 Shields


You had 2 spell levels left.
You didn't know any spells.
Your spell library contained the following spells:

 Spells                   Type           Power      Damage    Failure   Level
 Apportation              Tloc           0%         N/A       78%         1
 Jinxbite                 Hex            0%         N/A       89%         2
 Alistair's Intoxication  Alch           0%         N/A       100%        5


Dungeon Overview and Level Annotations

Branches:
Dungeon (1/15)

Altars:
Xom


Innate Abilities, Weirdness & Mutations

Armour fits poorly on your strangely shaped body.
You have extremely tough skin. (AC +3)
You have a long armoured tail.
You regenerate magic when rolling toward enemies. (Rampage MPRegen)


Message History

Press: ? - help, Q - select action Shift-Dir - straight line, f/p - rat
Aim: a rat (50% to hit)
You throw a stone. The stone hits the rat.
The rat is heavily wounded.
Throw: 11 stones
Press: ? - help, Q - select action Shift-Dir - straight line, f/p - rat
Aim: a rat (heavily wounded, 50% to hit)
You throw a stone. The stone hits the rat.
You kill the rat!
You see here a rat corpse.
You now have 46 gold pieces (gained 10).
A rat comes into view.
The rat squeaks loudly.
A rat is nearby!
A rat is nearby!
You roll towards the rat!
You closely miss the rat. The rat closely misses you.
You hit the rat.
You kill the rat!
A goblin comes into view. It is wielding a +0 dagger.
The goblin shouts!
A goblin is nearby!
You closely miss the goblin. The goblin closely misses you.
You miss the goblin. The goblin hits you but does no damage.
You closely miss the goblin.
Your tail-slap misses the goblin.
The goblin completely misses you. The goblin hits you with a +0 dagger.
You take 1 damage, and have 29/30 hp.
You barely miss the goblin. The goblin hits you but does no damage.
You completely miss the goblin. The goblin hits you but does no damage.
Health restored: 30 You hit the goblin.
You kill the goblin!
Things that are here:
a +0 dagger; a goblin corpse A bat comes into view.
The bat barely misses you.
You hit the bat but do no damage. The bat hits you but does no damage. x2
You sock the bat!
You kill the bat!
You see here a bat corpse.
Are you sure you want to abandon this character and quit the game? (Confirm with "yes".)

.######..##
#.#
........######
#.#
.............#
#.#
.###########.#
########## #.#
.....# #.#
.........# #.#
.....# #.#
########.# #.#
.....# #.#
#......#.###.#
.....# #.#
#.####.......#
.....# #.#
#@######.#####
.....# #.#
#.##...#.#
...### #.#
#.##.#.#.#
#### #.#
#.##.#.#.#####
#.#
#.##.#.#..)..#
#.#
..##.#.#####.#
#†# ####....#
#.# #.# ###..#
#.#
#.########..#
#.#


There were no monsters in sight!

Vanquished Creatures
  A dart slug (D:1)
  4 ball pythons (D:1)
  An endoplasm (D:1)
  5 goblins (D:1)
  A hobgoblin (D:1)
  3 jackals (D:1)
  4 kobolds (D:1)
  4 quokkas (D:1)
  6 bats (D:1)
  A frilled lizard (D:1)
  4 rats (D:1)
34 creatures vanquished.

Notes
Turn   | Place    | Note
-------+----------+-------------------------------------------
     0 | D:1      | jasper the Armataur Fighter began the quest for the Orb.
     0 | D:1      | Reached XP level 1. HP: 18/18 MP: 1/1
    83 | D:1      | Found a faded altar of an unknown god.
    90 | D:1      | Prayed at the altar of an unknown god.
    90 | D:1      | Became a worshipper of Xom the Tricky
   102 | D:1      | Reached XP level 2. HP: 25/25 MP: 2/2
   225 | D:1      | XOM: divination: detect creatures
   242 | D:1      | XOM: silly message
   370 | D:1      | Reached XP level 3. HP: 30/30 MP: 3/3
   466 | D:1      | XOM: silly message
   743 | D:1      | Quit the game

Illustrated notes

Levels and vault maps discovered:
D:1:      dpeg_arrival_subterranean_lakeside_camping, layout_basic,
          ebering_ecumenical_altar_hall

Skill      XL: |  1  2 |
---------------+-------+-----
Maces & Flails | 2 3 |  3.4
Fighting       | |  2.6
Armour         | |  3.6
Shields        | |  3.2

Action                     || total
---------------------------++-------
  Melee: Flail             ||    87
         Tailslap          ||     7
  Throw: Stone             ||     3
 Armour: Scale mail        ||    75
  Dodge: Dodged            ||    32
  Block: Buckler           ||    18

Table legend: (Time is in decaauts)
 A = Elapsed time spent in this place.
 B = Non-inter-level travel time spent in this place.
 C = Inter-level travel time spent in this place.
 D = Time resting spent in this place.
 E = Time spent auto-exploring this place.
 F = Levels seen in this place.
 G = Mean time per level.
                   A        B        C        D        E       F      G
               +--------+--------+--------+--------+--------+-----+--------+
         Total |    771 |    771 |      0 |     29 |    504 |   1 |  771.0 |
       Dungeon |    771 |    771 |      0 |     29 |    504 |   1 |  771.0 |
               +--------+--------+--------+--------+--------+-----+--------+

Top non-repeatable levels by time:
     D:1: 771 daAuts
